 Dungeon Crawl Stone Soup version 0.30-a0-652-gcc886f7154 (webtiles) character file.

Game seed: 11716481147173189683

220 browni3141 the Sneak (level 6, 0/35 (37) HPs)
             Began as a Kobold Brigand on Jan 17, 2023.
             Slain by an orc wizard
             ... wielding a +0 dagger
              (2 damage)
             ... on level 6 of the Dungeon.
             The game lasted 00:05:48 (3609 turns).

browni3141 the Sneak (Kobold Brigand)               Turns: 3609, Time: 00:05:49

HP:   0/35 (37)     AC:  5    Str:  8    XL:     6   Next: 18%
MP:   6/6           EV: 15    Int: 13    God:
Gold: 213           SH:  0    Dex: 18    Spells: 5/5 levels left

rFire   . . .      SeeInvis .    z - +2 dagger (drain)
rCold   . . .      Faith    .    (no shield)
rNeg    . . .      Spirit   .    n - +1 leather armour {Will+}
rPois   .          Reflect  .    (no helmet)
rElec   .          Harm     .    c - +0 cloak
rCorr   .          Rampage  .    (no gloves)
Will    +....                    (no boots)
Stlth   +++++                    (no amulet)
HPRegen 0.25/turn                (no ring)
MPRegen 0.10/turn                (no ring)

@: drained
A: small, no large weapons, nightstalker 3
a: no special abilities


You were on level 6 of the Dungeon.
You visited 1 branch of the dungeon, and saw 9 of its levels.

You collected 213 gold pieces.

Inventory:

Hand Weapons
 a - a +2 dagger
 x - a +0 rapier
 z - a +2 dagger of draining (weapon)
Missiles
 d - 15 poisoned darts
 e - 5 curare-tipped darts (quivered)
 g - 6 atropa-tipped darts
Armour
 b - a +0 robe
 c - a +0 cloak (worn)
 n - a +1 leather armour of willpower (worn)
 y - an orb of mayhem
Scrolls
 h - 3 scrolls of blinking {unknown}
 i - a scroll of fog {unknown}
 j - 2 scrolls of immolation {unknown}
 k - 3 scrolls of teleportation {unknown}
 l - 4 scrolls of enchant weapon {unknown}
 q - a scroll of acquirement {unknown}
 r - a scroll of silence {unknown}
 s - a scroll of enchant armour {unknown}
 t - 2 scrolls of amnesia {unknown}
Potions
 f - a potion of ambrosia
 m - 2 potions of might
 o - 2 potions of haste
 p - 2 potions of resistance
 u - a potion of curing
 v - a potion of magic {unknown}
 w - a potion of invisibility {unknown}


   Skills:
 + Level 3.2 Fighting
 + Level 4.1 Short Blades
 - Level 2.1 Throwing
 * Level 3.9 Dodging
 * Level 7.1 Stealth


You had 5 spell levels left.
You didn't know any spells.
Your spell library contained the following spells:

 Spells                   Type           Power      Damage    Failure   Level
 Ozocubu's Armour         Ice            0%         N/A       80%         3
 Fireball                 Conj/Fire      0%         3d3       100%        5
 Iskenderun's Battlesphe  Conj           0%         2d6       100%        5
 Conjure Ball Lightning   Conj/Air       0%         3x3d6     100%        6
 Orb of Destruction       Conj           0%         9d5       100%        7
 Ozocubu's Refrigeration  Ice            0%         4d7       100%        7


Dungeon Overview and Level Annotations

Branches:
Dungeon (9/15)
 Temple: D:4-7         Lair: D:8-11         Orc: D:9-12

Altars:
Elyvilon
Makhleb
Nemelex Xobeh
The Shining One

Shops:
D:4 *

Annotations:
D:8 exclusions: downstairs and orc priest


Innate Abilities, Weirdness & Mutations

You are small and have problems with some larger weapons.
You are completely attuned to the shadows.


Message History

The white imp gestures at you. The puff of frost misses you.
The puff of frost hits the orc!
The orc dies!
The orc wizard points at you and mumbles some strange words.
The magic dart hits you! The orc barely misses you.
You closely miss the white imp.
The white imp is severely wounded.
You closely miss the white imp.
The white imp is severely wounded.
The white imp closely misses you. The orc closely misses you.
You hit the white imp but do no damage.
The white imp is severely wounded.
The white imp hits you but does no damage.
The orc barely misses you.
You hit the orc but do no damage. You drain the orc.
The orc is moderately wounded.
The orc completely misses you. The white imp closely misses you.
The orc wizard hits you with a +0 dagger.
You miss the orc wizard.
The white imp hits you but does no damage.
The orc wizard completely misses you. The orc misses you.
You hit the orc wizard but do no damage.
You hit the orc wizard but do no damage.
The orc wizard hits you with a +0 dagger.
The white imp hits you but does no damage.
The orc hits you with a +0 hand axe.
You barely miss the orc wizard.
The orc wizard hits you but does no damage.
The orc hits you with a +0 hand axe. The white imp hits you.
The white imp freezes you.
You barely miss the orc wizard. The white imp barely misses you.
The orc wizard hits you but does no damage.
The orc hits you with a +0 hand axe.
* * * LOW HITPOINT WARNING * * *
The white imp attacks as you move away! The white imp closely misses you.
The white imp gestures at you. The puff of frost hits you!
* * * LOW HITPOINT WARNING * * *
The orc wizard hits you with a +0 dagger.
You die...

###### ###....##
##.......###### ###
##.........##..####.##
...o.@................
...5.o..o..##.........
.######...##(.#.......
.o........#..#........
o######..#..##...[....
#.K##...## #......##
#..##..## ......##
##+##.## ......#
......#


You could see an orc wizard, a white imp and 2 orcs.

Vanquished Creatures
  An orc priest (D:6)
  2 iguanas (D:4)
  5 adders
  A shadow imp (D:5)
  3 worms
  3 dart slugs
  An orc (D:4)
  7 ball pythons
  7 bats
  5 endoplasms
  6 giant cockroaches
  3 goblins
  6 hobgoblins
  5 jackals
  2 quokkas (D:1)
  4 frilled lizards
  6 kobolds
  6 rats
73 creatures vanquished.

Vanquished Creatures (others)
  An orc (D:6)
  A quokka (D:4)
  12 fungi (D:7)
  2 toadstools (D:7)
16 creatures vanquished.

Grand Total: 89 creatures vanquished

Notes
Turn   | Place    | Note
-------+----------+-------------------------------------------
     0 | D:1      | browni3141 the Kobold Brigand began the quest for the Orb.
     0 | D:1      | Reached XP level 1. HP: 12/12 MP: 1/1
   123 | D:1      | Reached XP level 2. HP: 17/17 MP: 2/2
   488 | D:1      | Reached XP level 3. HP: 22/22 MP: 3/3
   675 | D:1      | Found a faded altar of an unknown god.
  1443 | D:2      | Reached skill level 6 in Stealth
  1620 | D:2      | Reached XP level 4. HP: 26/27 MP: 4/4
  2358 | D:3      | Identified the +4 chain mail of Disappointment {rF+ SInv}
  2597 | D:4      | Reached XP level 5. HP: 32/32 MP: 5/5
  2701 | D:4      | Found a white marble altar of Elyvilon.
  2888 | D:4      | Found Ogagar's General Store.
  3035 | D:4      | Found a glowing golden altar of the Shining One.
  3035 | D:4      | Found a sparkling altar of Nemelex Xobeh.
  3035 | D:4      | Found a burning altar of Makhleb.
  3250 | D:5      | Entered Level 5 of the Dungeon
  3340 | D:5      | Reached skill level 7 in Stealth
  3340 | D:5      | Reached XP level 6. HP: 37/37 MP: 6/6
  3397 | D:5      | You fall into a shaft and drop 3 floors!
  3411 | D:9      | Noticed an orc warrior
  3411 | D:9      | Noticed a steam dragon
  3609 | D:6      | Slain by an orc wizard

Illustrated notes

Levels and vault maps discovered:
D:1:      amcnicky_arrival_wind_blow, layout_basic,
          shapermc_ecumenical_altar_petra, dk_noncrumbling_2,
          minmay_misc_feat_square
D:2:      layout_basic
D:3:      layout_basic, hangedman_decor_clover_reticule
D:4:      layout_cave_pools, elyvilon_altar_4, gammafunk_temple_overflow_claw,
          serial_shops, shop
D:5:      layout_cave_pools, hangedman_abyss_or_decor_stabs
D:6:      layout_cave_pods, lemuel_zombie_altar_kikubaaqudgha,
          minmay_temple_entry_proselytizer, serial_shops, shop, serial_rivers,
          chequers_serial_rivers_large_a, chequers_serial_rivers_micro_a,
          chequers_serial_rivers_small_b, chequers_serial_rivers_room_a,
          enter_ossuary_2, corexii_checkpoint_a, uniq_sigmund
D:7:      layout_loops_cross, ebering_ghost_disaster_area,
          minmay_gold_behind_fungi, minivault_19, dreamdust_princess_bridge,
          uniq_prince_ribbit1, uniq_maggie, uniq_pikel
D:8:      layout_cave_pools, gammafunk_temple_overflow_forgotten, uniq_joseph
D:9:      minmay_the_grid_3x2 [minmay_the_grid_x,
          minmay_the_grid_stretched_grid, minmay_the_grid_all_tris,
          minmay_the_grid_holed_spiral, minmay_the_grid_dragon_b,
          minmay_the_grid_prize_four_corners], layout_long_grid,
          kennysheep_small_square

Skill      XL: |  1  2  3  4  5 |
---------------+----------------+-----
Short Blades   | 3 4 |  4.1
Dodging        | 2 3 |  3.9
Stealth        | 6 7 |  7.1
Fighting       | 3 |  3.2
Throwing       | |  2.1

Action                   |  1- 3 |  4- 6 || total
-------------------------+-------+-------++-------
Melee: Dagger            |    73 |   116 ||   189
Throw: Dart              |     3 |     1 ||     4
  Use: Scroll            |       |     5 ||     5
 Stab: Sleeping          |    20 |    19 ||    39
       Distracted        |       |     1 ||     1
Armor: Robe              |    15 |       ||    15
       Leather armour    |       |    27 ||    27
Dodge: Dodged            |    42 |    61 ||   103

Table legend: (Time is in decaauts)
 A = Elapsed time spent in this place.
 B = Non-inter-level travel time spent in this place.
 C = Inter-level travel time spent in this place.
 D = Time resting spent in this place.
 E = Time spent auto-exploring this place.
 F = Levels seen in this place.
 G = Mean time per level.
                   A        B        C        D        E       F      G
               +--------+--------+--------+--------+--------+-----+--------+
         Total |   3573 |   3428 |    145 |      0 |   2774 |   9 |  397.0 |
       Dungeon |   3573 |   3428 |    145 |      0 |   2774 |   9 |  397.0 |
               +--------+--------+--------+--------+--------+-----+--------+

Top non-repeatable levels by time:
     D:1: 1102 daAuts
     D:2: 813 daAuts
     D:4: 676 daAuts
     D:3: 630 daAuts
     D:5: 145 daAuts
     D:7: 115 daAuts
     D:6: 64 daAuts
     D:8: 24 daAuts
     D:9: 1 daAuts
